 Dungeon Crawl Stone Soup version 0.19.5 (webtiles) character file.

118 Inarius the Shield-Bearer (level 4, -1/40 HPs)
             Began as a Minotaur Fighter on Apr 10, 2017.
             Was an Initiate of Ashenzari.
             Slain by a gnoll
             ... wielding a +1 spear of freezing
              (6 damage)
             ... on level 3 of the Dungeon.
             The game lasted 00:07:59 (1498 turns).

Inarius the Shield-Bearer (Minotaur Fighter)        Turns: 1498, Time: 00:08:00

Health: -1/40      AC: 10    Str: 26    XL:     4   Next: 72%
Magic:  3/3        EV:  6    Int:  5    God:    Ashenzari [......]
Gold:   88         SH: 10    Dex: 10    Spells: 0 memorised, 3 levels left

rFire  . . .     SeeInvis .     a - +0 war axe
rCold  . . .     Gourm    .     p - +0 chain mail
rNeg   . . .     Faith    .     c - +0 shield
rPois  .         Spirit   .     (helmet restricted)
rElec  .         Reflect  .     (no cloak)
rCorr  .         Harm     .     q - +0 pair of gloves
MR     .....                    (no boots)
Stlth  ..........               (no amulet)
                                (no ring)
                                (no ring)

@: mighty
A: retaliatory headbutt, horns 2
a: Curse Item, Renounce Religion


You were on level 3 of the Dungeon.
You worshipped Ashenzari.
Ashenzari was noncommittal.
You were not hungry.

You visited 1 branch of the dungeon, and saw 3 of its levels.

You collected 88 gold pieces.

Inventory:

Hand Weapons
 a - a +0 war axe (weapon)
Missiles
 m - 9 javelins (quivered)
Armour
 b - a +0 scale mail
 c - a +0 shield (worn)
 p - a +0 chain mail (worn)
 q - a +0 pair of gloves (worn)
Scrolls
 g - a scroll of random uselessness {unknown}
 j - a scroll of enchant armour {unknown}
 k - a scroll of magic mapping
 r - a scroll of amnesia {unknown}
Potions
 e - a potion of agility {unknown}
 i - 3 potions of haste {unknown}
 l - a potion of cancellation {unknown}
 n - a potion of flight {unknown}
 o - a potion of brilliance {unknown}
Comestibles
 f - 2 bread rations
 h - a meat ration


   Skills:
 + Level 4.1 Fighting
 + Level 4.2 Axes
 + Level 0.2 Throwing
 + Level 4.2 Armour
 + Level 0.3 Stealth
 + Level 4.6 Shields


You had 3 spell levels left.
You didn't know any spells.

Dungeon Overview and Level Annotations

Branches:
Dungeon (3/15)

Altars:
Ashenzari
Makhleb
Okawaru
Xom


Innate Abilities, Weirdness & Mutations

You reflexively headbutt those who attack you in melee.
You have a pair of horns on your head.


Message History

The gnoll hits you but does no damage. The gnoll completely misses you.
The gnoll hits you from afar with a halberd!
The gnoll barely misses you.
You closely miss the gnoll.
The gnoll hits you from afar with a spear of freezing.
* * * LOW HITPOINT WARNING * * *
The gnoll freezes you.
* * * LOW HITPOINT WARNING * * *
You block the gnoll's attack.
You feel very mighty all of a sudden.
The gnoll hits you from afar with a spear of freezing.
* * * LOW HITPOINT WARNING * * *
The gnoll freezes you.
* * * LOW HITPOINT WARNING * * *
You block the gnoll's attack.
You slash the gnoll!
The gnoll is heavily wounded.
The gnoll hits you from afar with a spear of freezing.
You die...

##### ##### ####### .....
....########>....# #######.....
..........##.# #.## #...........
.......).....###..####...........
....(.....#......................
...(......#...[..gg#######.######
....#####.#.####@#.††......#
.(..#.....#.. #.#.....[...#
##.##.#####.. #.##........# . #.#
#.## #.##..(..[).## .. #.# #..
..##..####...# ./ #+# ###
#####+####...###.. ..............
.............. (............#


You could see 2 gnolls.

Vanquished Creatures
  4 adders (D:2)
  3 gnolls (D:2)
  A dart slug (D:3)
  A leopard gecko (D:2)
  3 giant cockroaches
  10 goblins
  6 hobgoblins
  2 jackals (D:3)
  3 ball pythons
  4 bats (D:2)
  3 frilled lizards (D:1)
  2 kobolds (D:1)
  9 rats
51 creatures vanquished.

Notes
Turn   | Place    | Note
-------+----------+-------------------------------------------
     0 | D:1      | Inarius the Minotaur Fighter began the quest for the Orb.
     0 | D:1      | Reached XP level 1. HP: 19/19 MP: 0/0
   101 | D:1      | Found a shattered altar of Ashenzari.
   117 | D:1      | Became a worshipper of Ashenzari the Shackled
   130 | D:1      | Reached XP level 2. HP: 27/27 MP: 1/1
   643 | D:2      | Reached XP level 3. HP: 33/33 MP: 2/2
   718 | D:2      | Reached XP level 4. HP: 22/40 MP: 3/3
  1278 | D:2      | Found a faded altar of an unknown god.
  1278 | D:2      | Found an iron altar of Okawaru.
  1285 | D:2      | Found a shimmering altar of Xom.
  1287 | D:2      | Found a faded altar of an unknown god.
  1290 | D:2      | Found a burning altar of Makhleb.
  1498 | D:3      | Slain by a gnoll

Skill      XL: |  1  2  3  4 |
---------------+-------------+-----
Armour         | 4 |  4.2
Shields        | 4 |  4.6
Fighting       | 4 |  4.1
Axes           | 3 4 |  4.2
Throwing       | |  0.2
Stealth        | |  0.3

Action                   |  1- 3 |  4- 6 || total
-------------------------+-------+-------++-------
Melee: War axe           |    60 |    45 ||   105
       Headbutt          |    10 |    13 ||    23
Throw: Javelin           |     4 |     3 ||     7
  Use: Scroll            |     1 |       ||     1
       Potion            |       |     1 ||     1
  Eat: Chunk             |       |     2 ||     2
Armor: Scale mail        |    27 |    12 ||    39
       Chain mail        |       |     8 ||     8
Dodge: Dodged            |    20 |    18 ||    38
Block: Shield            |    30 |    26 ||    56
